IL
SYRACUSE CHIEFS @ RENO ACES
07/30/2047
 
TOP OF THE 1ST
Syracuse Chiefs batting - Pitching for Reno Aces : RHP Takaaki Nakada
Pitching: RHP Takaaki Nakada
Batting: LHB Pat Aviles 0-0: Ball
1-0: Fly out, F5 (Popup, 15, EV 83.8 MPH)
Batting: LHB Kyung-jin Cho 0-0: Ball
1-0: Ball
2-0: Foul Ball, location: 2F
2-1: Ball
3-1: Ground out U3 (Groundball, 3L, EV 83.8 MPH)
Batting: RHB Donovan Auclair 0-0: SOLO HOME RUN (Flyball, 7D, EV 97.5 MPH), Distance : 374 ft
Batting: LHB Jae-ik Soung 0-0: Ball
1-0: SINGLE (Line Drive, 78S, EV 104.4 MPH)
Batting: RHB Jim Miske 0-0: Called Strike
0-1: Swinging Strike
0-2: SINGLE (Groundball, 4MD, EV 99.4 MPH)
Jae-ik Soung to second
Runner from 2nd tries for 3rd, SAFE, throw by CF made to third
Batting: LHB Tom Reynolds 0-0: Called Strike
0-1: Ball
Jim Miske is caught stealing 2nd base 2-6
Top of the 1st over - 1 run, 3 hits, 0 errors, 1 left on base; Syracuse 1 - Reno 0
BOTTOM OF THE 1ST
Reno Aces batting - Pitching for Syracuse Chiefs : RHP Travis Hardin
Pitching: RHP Travis Hardin
Batting: RHB Xavier Castellanos 0-0: Ball
1-0: Called Strike
1-1: Ball
2-1: Ball
3-1: Called Strike
3-2: Base on Balls
Batting: RHB Danny Gerardo 0-0: Fielders Choice at 2nd, 3-6 (Groundball, 3S, EV 83.8 MPH)
Batting: RHB Ji-an Li 0-0: Ball
1-0: Called Strike
1-1: Ball
2-1: Grounds into double play, 4-6-3 (Groundball, 4S, EV 81.2 MPH)
Bottom of the 1st over - 0 runs, 0 hits, 0 errors, 0 left on base; Syracuse 1 - Reno 0
TOP OF THE 2ND
Syracuse Chiefs batting - Pitching for Reno Aces : RHP Takaaki Nakada
Batting: LHB Tom Reynolds 0-0: Ball
1-0: Called Strike
1-1: Called Strike
1-2: Foul Ball, location: 2F
1-2: Ball
2-2: Strikes out swinging
Batting: LHB Doug Anderson 0-0: Called Strike
0-1: Swinging Strike
0-2: Ball
1-2: Foul Ball, location: 2F
1-2: Ball
2-2: Foul Ball, location: 2F
2-2: Ball
3-2: Strikes out looking
Batting: RHB Steve Perez 0-0: Ball
1-0: Ball
2-0: Ground out 5-3 (Groundball, 56, EV 80.0 MPH)
Top of the 2nd over - 0 runs, 0 hits, 0 errors, 0 left on base; Syracuse 1 - Reno 0
BOTTOM OF THE 2ND
Reno Aces batting - Pitching for Syracuse Chiefs : RHP Travis Hardin
Batting: RHB Seth Tramontano 0-0: Called Strike
0-1: Ground out 4-3 (Groundball, 4, EV 93.8 MPH)
Batting: LHB Steve Reinhart 0-0: Ball
1-0: Swinging Strike
1-1: Ball
2-1: Called Strike
2-2: Foul Ball, location: 2F
2-2: DOUBLE (Line Drive, 78XD, EV 103.1 MPH)
Batting: RHB Marlon Reda 0-0: Called Strike
0-1: Called Strike
0-2: Ball
1-2: Foul Ball, location: 2F
1-2: Ball
2-2: SINGLE (Flyball, 3D, EV 93.1 MPH)
Steve Reinhart to third
Batting: RHB Jonathan Lugo 0-0: Fielders Choice at 2nd, 4-6 (Groundball, 4, EV 78.1 MPH)
Steve Reinhart scores
Batting: RHB Aaron Trotman 0-0: Ball
1-0: Ball
2-0: 2-RUN HOME RUN (Flyball, 7LD, EV 91.9 MPH), Distance : 362 ft
Batting: LHB Katsunan Akimoto 0-0: SINGLE (Groundball, P, EV 99.4 MPH)
Batting: RHB Xavier Castellanos 0-0: Called Strike
0-1: Ball
1-1: Foul Ball, location: 2F
1-2: Foul Ball, location: 2F
1-2: Foul Ball, location: 2F
1-2: Ball
2-2: Foul Ball, location: 2F
2-2: Strikes out looking
Bottom of the 2nd over - 3 runs, 4 hits, 0 errors, 1 left on base; Syracuse 1 - Reno 3
TOP OF THE 3RD
Syracuse Chiefs batting - Pitching for Reno Aces : RHP Takaaki Nakada
Batting: RHB John McNeill 0-0: Foul Ball, location: 2F
0-1: Ball
1-1: SINGLE (Groundball, 25, EV 72.5 MPH) (infield hit)
Batting: LHB Pat Aviles 0-0: Ball
1-0: Ball
2-0: Called Strike
2-1: Fielders Choice at 2nd, 4-6 (Groundball, 4MS, EV 84.4 MPH)
Batting: LHB Kyung-jin Cho 0-0: Ball
1-0: Ball
2-0: Swinging Strike
2-1: Called Strike
2-2: Ball
3-2: Fly out, F8 (Flyball, 8RM, EV 85.6 MPH)
Batting: RHB Donovan Auclair 0-0: Ball
1-0: Ball
2-0: Ball
3-0: Base on Balls
Pat Aviles to second
Batting: LHB Jae-ik Soung 0-0: Ball
1-0: Called Strike
1-1: Swinging Strike
1-2: Foul Ball, location: 2F
1-2: Ball
2-2: Foul Ball, location: 2F
2-2: Ball
3-2: Fly out, F8 (Flyball, 89M, EV 87.5 MPH)
Top of the 3rd over - 0 runs, 1 hit, 0 errors, 2 left on base; Syracuse 1 - Reno 3
BOTTOM OF THE 3RD
Reno Aces batting - Pitching for Syracuse Chiefs : RHP Travis Hardin
Batting: RHB Danny Gerardo 0-0: Ball
1-0: Called Strike
1-1: DOUBLE (Line Drive, 9LS, EV 108.1 MPH)
Batting: RHB Ji-an Li 0-0: Ball
1-0: Ball
2-0: Ball
Wild Pitch!
Danny Gerardo to third
3-0: Base on Balls
Batting: RHB Seth Tramontano 0-0: Ball
1-0: Fly out, F9 (Flyball, 9D, EV 100.6 MPH)
Runner from 3rd tags up, SCORES, no throw by RF
Batting: LHB Steve Reinhart 0-0: Called Strike
0-1: Called Strike
0-2: Ball
Wild Pitch!
Ji-an Li to second
1-2: Ball
2-2: Strikes out swinging
Batting: RHB Marlon Reda 0-0: Fly out, F7 (Flyball, 7D, EV 77.5 MPH)
Bottom of the 3rd over - 1 run, 1 hit, 0 errors, 1 left on base; Syracuse 1 - Reno 4
TOP OF THE 4TH
Syracuse Chiefs batting - Pitching for Reno Aces : RHP Takaaki Nakada
Batting: RHB Jim Miske 0-0: Called Strike
0-1: Ball
1-1: Ground out 1-3 (Groundball, 13S, EV 61.9 MPH)
Batting: LHB Tom Reynolds 0-0: Ball
1-0: Fly out, F6 (Popup, 6, EV 72.5 MPH)
Batting: LHB Doug Anderson 0-0: Called Strike
0-1: SINGLE (Groundball, 34S, EV 67.5 MPH) (infield hit)
Batting: RHB Steve Perez 0-0: Ball
1-0: Ball
2-0: DOUBLE (Line Drive, 9LD, EV 106.2 MPH)
Doug Anderson to third
Batting: RHB John McNeill 0-0: Called Strike
0-1: Called Strike
0-2: Ball
1-2: Ground out 6-3 (Groundball, 56, EV 86.2 MPH)
Top of the 4th over - 0 runs, 2 hits, 0 errors, 2 left on base; Syracuse 1 - Reno 4
BOTTOM OF THE 4TH
Reno Aces batting - Pitching for Syracuse Chiefs : RHP Travis Hardin
Batting: RHB Jonathan Lugo 0-0: Ball
1-0: Ground out 5-3 (Groundball, 56, EV 103.1 MPH)
Batting: RHB Aaron Trotman 0-0: Called Strike
0-1: Foul Ball, location: 2F
0-2: Strikes out looking
Batting: LHB Katsunan Akimoto 0-0: SINGLE (Groundball, 6D, EV 101.2 MPH)
Batting: RHB Xavier Castellanos 0-0: Ball
1-0: Foul Ball, location: 2F
1-1: Foul Ball, location: 2F
1-2: Ball
2-2: Ground out U3 (Groundball, 3, EV 88.1 MPH)
Bottom of the 4th over - 0 runs, 1 hit, 0 errors, 1 left on base; Syracuse 1 - Reno 4
TOP OF THE 5TH
Syracuse Chiefs batting - Pitching for Reno Aces : RHP Takaaki Nakada
Batting: LHB Pat Aviles 0-0: Called Strike
0-1: Ball
1-1: Swinging Strike
1-2: Strikes out swinging
Batting: LHB Kyung-jin Cho 0-0: Ball
1-0: Ball
2-0: Called Strike
2-1: Ball
3-1: Called Strike
3-2: Foul Ball, location: 2F
3-2: Ground out 3-1 (Groundball, 34S, EV 86.9 MPH)
Batting: RHB Donovan Auclair 0-0: Ball
1-0: Ball
2-0: Foul Ball, location: 2F
2-1: Swinging Strike
2-2: Strikes out looking
Top of the 5th over - 0 runs, 0 hits, 0 errors, 0 left on base; Syracuse 1 - Reno 4
BOTTOM OF THE 5TH
Reno Aces batting - Pitching for Syracuse Chiefs : RHP Travis Hardin
Batting: RHB Danny Gerardo 0-0: Called Strike
0-1: Ball
1-1: Ball
2-1: Foul Ball, location: 2F
2-2: SINGLE (Line Drive, 8RS, EV 95.0 MPH)
Batting: RHB Ji-an Li 0-0: Ball
1-0: Ball
2-0: Called Strike
2-1: Ball
3-1: Base on Balls
Danny Gerardo to second
Batting: RHB Seth Tramontano 0-0: Ball
1-0: Ball
2-0: DOUBLE (Flyball, 8LXD, EV 102.5 MPH)
Danny Gerardo scores
Ji-an Li to third
Pitching: RHP Sean Rice
Batting: LHB Steve Reinhart 0-0: Called Strike
0-1: Ball
1-1: Ball
2-1: Swinging Strike
2-2: SINGLE (Groundball, 4, EV 80.6 MPH) (infield hit)
Ji-an Li scores
Seth Tramontano to third
Batting: RHB Marlon Reda 0-0: Reached on error, E6 (Groundball, 6, EV 78.1 MPH)
Seth Tramontano scores
Steve Reinhart to second
Batting: RHB Jonathan Lugo 0-0: Ball
1-0: Ball
2-0: Called Strike
2-1: Swinging Strike
2-2: Fly out, F8 (Flyball, 8RD, EV 90.6 MPH)
Throwing error, E8
Steve Reinhart scores
Marlon Reda to second
Batting: RHB Aaron Trotman 0-0: SINGLE (Groundball, 6S, EV 63.1 MPH) (infield hit)
Marlon Reda to third
Batting: LHB Katsunan Akimoto 0-0: Ball
1-0: Swinging Strike
1-1: Foul Ball, location: 2F
1-2: Ball
2-2: Strikes out looking
Batting: RHB Xavier Castellanos 0-0: Foul Ball, location: 2F
0-1: Ball
1-1: Called Strike
1-2: Ball
2-2: Ball
3-2: Base on Balls
Aaron Trotman to second
Batting: RHB Danny Gerardo 0-0: Foul Ball, location: 2F
0-1: Ball
1-1: Foul Ball, location: 2F
1-2: SINGLE (Groundball, 4MS, EV 65.0 MPH) (infield hit)
Marlon Reda scores
Aaron Trotman to third
Xavier Castellanos to second
Batting: RHB Ji-an Li 0-0: Ball
1-0: Foul Ball, location: 2F
1-1: Ball
2-1: SINGLE (Groundball, 6M, EV 101.2 MPH)
Aaron Trotman scores
Xavier Castellanos to third
Danny Gerardo to second
Runner from 3rd tries for Home, SAFE, throw by CF to home
Pitching: RHP Dan Johnson
Batting: RHB Seth Tramontano 0-0: Ball
1-0: Ball
2-0: Ball
3-0: Called Strike
3-1: Base on Balls
Danny Gerardo to third
Ji-an Li to second
Batting: LHB Steve Reinhart 0-0: SINGLE (Groundball, 56, EV 101.9 MPH)
Danny Gerardo scores
Ji-an Li to third
Seth Tramontano to second
Runner from 3rd tries for Home, SAFE, throw by LF to home
Batting: RHB Marlon Reda 0-0: Foul Ball, location: 2F
0-1: Ball
1-1: Called Strike
1-2: Fly out, F7 (Flyball, 78M, EV 89.4 MPH)
Bottom of the 5th over - 9 runs, 7 hits, 2 errors, 2 left on base; Syracuse 1 - Reno 13
TOP OF THE 6TH
Syracuse Chiefs batting - Pitching for Reno Aces : RHP Takaaki Nakada
Batting: LHB Jae-ik Soung 0-0: Swinging Strike
0-1: Called Strike
0-2: Strikes out swinging
Batting: RHB Jim Miske 0-0: Ball
1-0: Called Strike
1-1: Called Strike
1-2: Ground out 5-3 (Groundball, 56, EV 90.6 MPH)
Batting: LHB Tom Reynolds 0-0: Ball
1-0: Ball
2-0: Ball
3-0: Base on Balls
Batting: LHB Doug Anderson 0-0: Swinging Strike
0-1: Ground out 5-3 (Groundball, 56S, EV 66.2 MPH)
Top of the 6th over - 0 runs, 0 hits, 0 errors, 1 left on base; Syracuse 1 - Reno 13
BOTTOM OF THE 6TH
Reno Aces batting - Pitching for Syracuse Chiefs : RHP Dan Johnson
Batting: RHB Jonathan Lugo 0-0: Called Strike
0-1: Ball
1-1: Ball
2-1: Ball
3-1: SINGLE (Groundball, 4M, EV 99.4 MPH) (infield hit)
Pinch Runner at 1st Brad York:
Batting: RHB Aaron Trotman 0-0: SINGLE (Line Drive, 78M, EV 100.6 MPH)
Brad York to second
Batting: LHB Katsunan Akimoto 0-0: Foul Ball, location: 2F
0-1: Ball
1-1: Ball
2-1: Called Strike
2-2: Foul Ball, location: 2F
2-2: Ball
3-2: Foul Ball, location: 2F
3-2: Foul Ball, location: 2F
3-2: Reached on error, E6 (Groundball, 6, EV 106.2 MPH)
Brad York to third
Aaron Trotman to second
Pitching: RHP Jose Barreras
Batting: RHB Xavier Castellanos 0-0: Foul Ball, location: 2F
0-1: Ball
1-1: Foul Ball, location: 2F
1-2: DOUBLE (Groundball, 5L, EV 103.8 MPH)
Brad York scores
Aaron Trotman scores
Katsunan Akimoto to third
Runner from 3rd tries for Home, SAFE, no throw by LF
Batting: RHB Danny Gerardo 0-0: Ball
1-0: Ball
2-0: Ground out 6-3 (Groundball, 6, EV 81.9 MPH)
Xavier Castellanos to third
Batting: RHB Ji-an Li 0-0: Ball
1-0: Ball
2-0: Swinging Strike
2-1: SINGLE (Line Drive, 8LS, EV 98.8 MPH)
Xavier Castellanos scores
Batting: RHB Seth Tramontano 0-0: Foul Ball, location: 2F
0-1: Ball
1-1: SINGLE (Groundball, 4D, EV 98.1 MPH)
Ji-an Li to second
Batting: LHB Steve Reinhart 0-0: Called Strike
0-1: Fielders Choice at 2nd, 4-6 (Groundball, 4, EV 90.0 MPH)
Ji-an Li to third
Batting: RHB Marlon Reda 0-0: Ball
1-0: Called Strike
1-1: Ball
2-1: Foul Ball, location: 2F
2-2: Foul Ball, location: 2F
2-2: Ball
3-2: SINGLE (Groundball, 6MD, EV 106.9 MPH)
Ji-an Li scores
Steve Reinhart to second
Steve Reinhart to third
Batting: LHB Brad York 0-0: Ball
1-0: Ball
2-0: Fly out, F5 (Popup, 56S, EV 89.4 MPH)
Bottom of the 6th over - 5 runs, 6 hits, 1 error, 2 left on base; Syracuse 1 - Reno 18
TOP OF THE 7TH
Syracuse Chiefs batting - Pitching for Reno Aces : RHP Takaaki Nakada
Now at 2B: Chris Stillions
Batting: RHB Steve Perez 0-0: Ball
1-0: Ball
2-0: Called Strike
2-1: Swinging Strike
2-2: Ball
3-2: Ground out 6-3 (Groundball, 6, EV 78.1 MPH)
Pitching: LHP David Legg
Batting: RHB John McNeill 0-0: Ball
1-0: Ball
2-0: DOUBLE (Line Drive, 78D, EV 99.4 MPH)
Batting: LHB Pat Aviles 0-0: Called Strike
0-1: Swinging Strike
0-2: Foul Ball, location: 2F
0-2: Ball
1-2: Strikes out swinging
Batting: LHB Kyung-jin Cho 0-0: Called Strike
0-1: Swinging Strike
0-2: Strikes out swinging
Top of the 7th over - 0 runs, 1 hit, 0 errors, 1 left on base; Syracuse 1 - Reno 18
BOTTOM OF THE 7TH
Reno Aces batting - Pitching for Syracuse Chiefs : RHP Jose Barreras
Pinch Hitting: RHB Dan Boylan 0-0: Called Strike
0-1: Ball
1-1: Swinging Strike
1-2: SINGLE (Groundball, 6MS, EV 71.2 MPH) (infield hit)
Batting: LHB Katsunan Akimoto 0-0: Foul Ball, location: 2F
0-1: SINGLE (Groundball, 3D, EV 99.4 MPH)
Dan Boylan to second
Runner from 2nd tries for 3rd, SAFE, throw by RF made to third
Pinch Hitting: RHB R.J. Anchondo 0-0: Ball
1-0: Foul Ball, location: 2F
1-1: Grounds into double play, 4-6-3 (Groundball, 4, EV 81.2 MPH)
Dan Boylan scores
Batting: RHB Danny Gerardo 0-0: Called Strike
0-1: Ball
1-1: Foul Ball, location: 2F
1-2: Ball
2-2: Foul Ball, location: 2F
2-2: Foul Ball, location: 2F
2-2: Foul Ball, location: 2F
2-2: Foul Ball, location: 2F
2-2: Foul Ball, location: 2F
2-2: Foul Ball, location: 2F
2-2: Ball
3-2: DOUBLE (Line Drive, 78D, EV 97.5 MPH)
Pinch Hitting: SHB Gerardo Flores 0-0: Called Strike
0-1: Called Strike
0-2: Ground out 4-3 (Groundball, 4, EV 98.8 MPH)
Bottom of the 7th over - 1 run, 3 hits, 0 errors, 1 left on base; Syracuse 1 - Reno 19
TOP OF THE 8TH
Syracuse Chiefs batting - Pitching for Reno Aces : LHP David Legg
Now in LF: R.J. Anchondo
Now in CF: Dan Boylan
Now in RF: Gerardo Flores
Batting: RHB Donovan Auclair 0-0: Called Strike
0-1: Called Strike
0-2: Ball
1-2: Ball
2-2: Strikes out swinging
Batting: LHB Jae-ik Soung 0-0: Called Strike
0-1: Swinging Strike
0-2: Foul Ball, location: 2F
0-2: Ball
1-2: Foul Ball, location: 2F
1-2: Ball
2-2: Ground out 4-3 (Groundball, 4, EV 103.8 MPH)
Batting: RHB Jim Miske 0-0: Called Strike
0-1: Ball
1-1: Ball
2-1: Foul Ball, location: 2F
2-2: Ball
3-2: Foul Ball, location: 2F
3-2: Foul Ball, location: 2F
3-2: Foul Ball, location: 2F
3-2: Base on Balls
Batting: LHB Tom Reynolds 0-0: Ball
1-0: Swinging Strike
1-1: Fly out, F8 (Flyball, 8LS, EV 90.0 MPH)
Top of the 8th over - 0 runs, 0 hits, 0 errors, 1 left on base; Syracuse 1 - Reno 19
BOTTOM OF THE 8TH
Reno Aces batting - Pitching for Syracuse Chiefs : RHP Jose Barreras
Batting: LHB Sam Dowdy 0-0: Ball
1-0: Ground out 3-1 (Groundball, 34, EV 86.9 MPH)
Pinch Hitting: RHB Vinny Vasquez 0-0: Called Strike
0-1: Called Strike
0-2: Ball
1-2: Ball
2-2: Foul Ball, location: 2F
2-2: Fly out, F3 (Popup, 3S, EV 71.2 MPH)
Pinch Hitting: RHB George Lundy 0-0: Foul Ball, location: 2F
0-1: Foul Ball, location: 2F
0-2: Strikes out looking
Bottom of the 8th over - 0 runs, 0 hits, 0 errors, 0 left on base; Syracuse 1 - Reno 19
TOP OF THE 9TH
Syracuse Chiefs batting - Pitching for Reno Aces : LHP David Legg
Now at 1B: George Lundy
Now at 3B: Vinny Vasquez
Batting: LHB Doug Anderson 0-0: Ball
1-0: Foul Ball, location: 2F
1-1: Ball
2-1: Fly out, F7 (Line Drive, 7, EV 95.0 MPH)
Batting: RHB Steve Perez 0-0: Ball
1-0: Ball
2-0: Ball
3-0: Base on Balls
Batting: RHB John McNeill 0-0: Ball
1-0: DOUBLE (Line Drive, 78D, EV 103.8 MPH)
Steve Perez to third
Batting: LHB Pat Aviles 0-0: Ball
1-0: Called Strike
1-1: Called Strike
1-2: Ball
2-2: Strikes out swinging
Pitching: RHP Adam Silbert
Batting: LHB Kyung-jin Cho 0-0: Ball
1-0: Foul Ball, location: 2F
1-1: Ball
2-1: Ball
3-1: Called Strike
3-2: Strikes out looking
Top of the 9th over - 0 runs, 1 hit, 0 errors, 2 left on base; Syracuse 1 - Reno 19
Thursday, December 15th , 2022 - OOTP Baseball 23.9 Build 102